[Event "44th Chess Olympiad Open 2022"]
[Site "Chennai"]
[Date "2022.08.02"]
[Round "5.2"]
[White "Shirov, Alexei"]
[Black "Gukesh D"]
[Result "0-1"]
[WhiteElo "2704"]
[BlackElo "2684"]
[Annotator "TA"]
[PlyCount "88"]
[EventDate "2022.??.??"]
[TimeControl "60"]

1. e4 c5 2. Nf3 Nc6 3. Nc3 e5 4. Bc4 d6 5. d3 h6 6. Nd5 Nf6 {[%emt 0:12:51] B30: Sicilian: 2...
Nc6 3 Bb5, lines without ...g6.} 7. c3 Be7 8.
a3 {[%emt 0:11:50] [#]} a5 $146 {[%emt 0:00:45] The position is equal.} ({
Predecessor:} 8... O-O 9. Be3 Nxd5 10. Bxd5 Bf6 11. b4 Ne7 12. Bb3 b6 13. h3
Bb7 14. Nh2 Ng6 {1-0 (32) Genocchio,D (2440)-Mrdja,M (2386) Bergamo 2009}) 9.
Rg1 (9. a4 $14) 9... Nxd5 10. Bxd5 Be6 11. Bxe6 fxe6 12. g4 Qd7 13. g5 hxg5 14. Bxg5 Bxg5 15. Rxg5 O-O-O 16. Qe2 Rdf8 17. O-O-O Rf7 18. Rg2 a4 19. Rdg1 b5 20. Ng5 Re7 21. d4 exd4 22. Qxb5 Ne5 23. Qa6+ Qb7 24. Qxb7+ Kxb7 25. cxd4
$1 cxd4 26. Rd1 {[%emt 0:00:24] Prevents
Nd3+.} Nc6 {[%emt 0:01:21] Black is more active.} 27. f4 e5
$36 {[%emt 0:07:12] Black is more active.} 28. f5 {[%emt 0:02:37] Now White is
beyond hope.} (28. fxe5 $15 dxe5 29. Rf1) 28... Na5 $19 29.
Ne6 Nb3+ 30. Kb1 Kb6 31. Rc2 Rh4 32. Rc4 Rxe4 ({Stronger than} 32... Rxh2 33. Rb4+ Kc6 34. Rc4+
Kb7 35. Ka2 $15) 33. Rxa4 Nc5 34. Rb4+ {
[%emt 0:04:04] [#]} Kc6 $1 35. Rc1 {[%emt 0:00:12] [#]} (35.
a4 $17 {was necessary.}) 35... Re2 $1 36. h4 Kd5 37. Rb5 {[%emt 0:00:19] aiming for b4.} Ke4 38. Nxc5+ (38. Rd1 $142) 38... dxc5 39. Rcxc5 {[%emt 0:00:07] Endgame KRR-KRR} d3 {[%emt 0:00:56]
And now ...Re1+ would win.} 40. Kc1 $2 (40. Rd5 Rh2 41. b4)
40... Kf3 41. Rc3 e4 {[%emt 0:00:00]
Threatens to win with ...Rd7.} 42. Rd5 {[%emt 0:00:28] Prevents Rd7.} Ke3 43. b4 Re1+ 44.
Kb2 Ke2 {[%emt 0:00:04] Weighted Error Value: White=0.34/
Black=0.06 (flawless)} 0-1

[Event "44th Chess Olympiad Open 2022"]
[Site "Chennai"]
[Date "2022.08.02"]
[Round "5.2"]
[White "Santos Latasa, Jaime"]
[Black "Praggnanandhaa R"]
[Result "1-0"]
[WhiteElo "2675"]
[BlackElo "2648"]
[Annotator "TA"]
[PlyCount "169"]
[EventDate "2022.??.??"]
[TimeControl "60"]

1. e4 c5 2. Nf3 Nc6 3. Nc3 e5 4. Bc4 Be7 5. d3 d6 6. a4 {[%emt 0:00:06] B30: Sicilian: 2...
Nc6 3 Bb5, lines without ...g6.} Nf6 7. Bg5 Nb4 8. Bxf6 {[%emt 0:01:28] The position is equal.} Bxf6 9. Nd5 Nxd5 10. Bxd5 O-O 11. O-O Be6 12. Bxe6 fxe6 13. c3 {[%emt 0:00:06] [#]
} Qd7 $146 ({Predecessor:} 13... Rc8 14. Re1 Rc7 15. Qb3 Qe8
16. Re3 h5 17. h3 Rcf7 18. Nh2 b6 19. Rb1 g6 {½-½ (26) Galliano,G (2450)
-Necchi,S (2393) ICCF email 2021}) 14. Qe2 Rf7 15. h3 Raf8 16. Nh2 Bd8 17. Ng4 Qc6 18. Ne3 b6 19. g3 a6 20. b3 b5 21. axb5 axb5 22. c4 Rb7 23. h4 Qd7 24. Kg2 Bc7 25. Ra2 Rfb8 26. Rfa1 bxc4 27. bxc4 Bd8 28. Nd1 Rb3 29. Ra8 Qc8 30. Rxb8 Rxb8 31. Nc3 Ra8 32. Rb1 h6 33. Rb3 Kh7 34. Qb2 Ra7 35. Nb5 (35. Rb8 {feels hotter.
} Qc7 36. Qb5 Ra5 37. Qb3) 35... Ra6 36. Ra3 {[%emt 0:00:00] 
[#] Threatens to win with Na7.} Rxa3 37. Qxa3 $14 {[%emt 0:00:
09] Endgame KQB-KQN} Qd7 38. Qa8 Kg6 39. Qb8 Be7 40. Qg8 {[%emt 0:
07:01][%cal Yh4h5] White is more active.} Bd8 41. Nc3 (41. Kf3 $16) 41... Ba5 $11 42. Ne2 Qf7 43. Qb8 (43. h5+ $5 Kf6 44. Qa8
Qxh5 45. Qf8+ Qf7 46. Qxd6 $11) 43... Qe7 (43... Be1 $5 44. f3 (44. f4 Kh7 $11) 44... Qd7 $11) 44. Ng1 Kf7 45. Nf3 Bd8 46. h5 Qd7 47. Nh2 Kg8 48. Qb1 Kh7 49. Qd1 Bg5 50. Qg4 Qf7 51. Nf3 Bd8 52. Ng1 Bg5 53. Qd1 Bd8 54. Nh3 Ba5 55. Qa1 Bd8 56. Qd1 Ba5 57. Qg4 Bd2 58. Kf1 Bc3 59. Ng1 Ba5 60. Kg2 Bd8 61. Nh3 g6 62. hxg6+ Qxg6 63. Qe2 h5 64. Qa2 Kg7 65. Ng1 h4 66. Qa7+ Kf8 67. Qb8 Ke7 68. Qb7+ Ke8 69. Qc6+ Ke7 70. Nf3 hxg3 71. fxg3 Qh6 72. Qb7+ Ke8 73. Qb2 Kf7 74. Qd2 Qh5 75. Qe2 Qh6 76. Qf2 {[%emt 0:00:07] [#] Nxe5+ would kill now.} Kg7 77. Qd2 {[%emt 0:00:42] Hoping for Qxh6+.} Qh5 78. Qc1 Qe8 79. Qd1 Be7 80. Nh4 Bxh4 81. Qg4+ Kf8 $2 (81... Kh7 $11 {and Black has nothing to worry.} 82.
gxh4 Qf7) 82. Qxh4 $18 {[%emt 0:00:11] Strongly threatening Qh8+.} Qa4 $2 (82... Qg6 83. Qd8+ Kf7 84. Qd7+ Kf6 85. Qd8+ Kf7 86. Qd7+ Kg8
87. Qc8+ Kh7 88. Qc7+ Kg8 89. Qd8+ Kf7) 83. Qf6+ {[%emt 0:01:20] White is
clearly winning.} Kg8 84. Qxe6+ Kh7 85. Qe7+ {[%emt 0:00:09] Weighted Error Value: White=0.07 (flawless) /
Black=0.05 (flawless)} 1-0

[Event "44th Chess Olympiad Open 2022"]
[Site "Chennai"]
[Date "2022.08.02"]
[Round "5.2"]
[White "Sarin Nihal"]
[Black "Anton Guijarro, David"]
[Result "1/2-1/2"]
[WhiteElo "2651"]
[BlackElo "2667"]
[Annotator "TA"]
[PlyCount "80"]
[EventDate "2022.??.??"]
[TimeControl "60"]

1. d4 {
[%emt 0:00:34] Atalik,S} Nf6 2. c4 e6 3. Nc3 Bb4 4. e3 O-O 5. Bd3 c5 6. Nge2 cxd4 7. exd4 d5 8. cxd5 Nxd5 9. O-O Nc6 10. Be4 Bd6 {[%emt 0:12:52] E48:
Nimzo-Indian: Rubinstein: 5 Bd3 d5 including 6 Ne2, but excluding 6 a3.} 11.
Bxd5 exd5 12. Bf4 Bg4 {
[%emt 0:05:25] [#] White must now prevent ...Bxf4. The position is equal.} 13.
f3 Be6 14. Bxd6 Qxd6 15. Qd2 f6 {[%emt 0:04:50] [#]} 16. Rfe1 $146 ({Predecessor:} 16. Nb5 Qd7 17. Rac1 Rac8 18. Ng3 Ne7 19. Na3
Qd6 20. Rfe1 Bd7 21. Nc2 Nc6 22. Re2 {½-½ (53) Atalik,S (2603)-Jobava,B 
(2734) Burgas 2012 CBM 151 [Atalik,S]}) 16... Rfe8 17. Ng3 Re7 18. Re2 Rae8 19. Rae1 g6 20. Nf1 Kg7 21. a3 h5 22. h4 a6 23. Kf2 b5 24. Na2 a5 25. Nc1 b4 26. a4 Bd7 27. Nb3 Rxe2+ 28. Rxe2 Nd8 29. Rxe8 Bxe8 30. Nc5 Ne6 31. Nxe6+ Qxe6 $11 {[%emt 0:00:03] Endgame KQB-KQN} 32. b3 Qc6 33. Ne3 Bd7 34. f4 Bg4 35. Nxg4 hxg4 {[%emt 0:00:05]
KQ-KQ} 36. g3 Kf7 37. Ke2 Qc8 38. Kd1 Qf5 {[%emt 0:00:35] [#] Hoping
for ...Qb1+.} 39. Qc2 {[%emt 0:00:22] Prevents Qb1+.} Qxc2+ 40. Kxc2 f5 {[%emt 0:00:07] Weighted Error Value: White=0.02 
(flawless) /Black=0.02 (flawless)} 1/2-1/2

[Event "44th Chess Olympiad Open 2022"]
[Site "Chennai"]
[Date "2022.08.02"]
[Round "5.2"]
[White "Adhiban, B..."]
[Black "Iturrizaga Bonelli, Eduardo"]
[Result "1-0"]
[WhiteElo "2598"]
[BlackElo "2619"]
[Annotator "TA"]
[PlyCount "89"]
[EventDate "2022.??.??"]
[TimeControl "60"]

1. d4 Nf6 2.
c4 e6 3. Nc3 Bb4 4. e3 O-O 5. a3 Bxc3+ 6. bxc3 c5 7. Bd3 d5 8. cxd5 Qxd5 9. Nf3 {[%emt 0:01:59][%cal Ye3e4] Threatens to win with e4!} b6 {[%emt 0:
00:00] E49: Nimzo-Indian: Rubinstein: 5 Bd3 d5 6 a3 Bxc3+ 7 bxc3.} 10. c4 {
[%emt 0:01:32] was the old line (10.Qe2).} Qc6 11. Qe2 Bb7 {[%emt 0:07:43] White has an edge.} 12. O-O Nbd7 13. Bb2 Rfd8 {[%emt 0:05:05] [#]} 14.
a4 $146 ({Predecessor:} 14. Rfe1 Ne4 15. Rad1 Rac8 16. Qc2 h6
17. h4 Nef6 18. d5 exd5 19. cxd5 Nxd5 20. Bc4 {½-½ (62) Sherwood,R (1879)
-Van Rooijen,P (1703) IECG email 2003}) 14... Rac8 15. a5 Qc7 16. axb6 axb6 17. Nd2 Ra8 18. Rfd1 Rxa1 19. Rxa1 Ra8 20. Rxa8+ Bxa8 21. h3 h6 22. Qe1 Bc6 23. Bf1 cxd4 24. exd4 Qb7 25. Nb3 Qa8 26. Qb4 Be4 27. Nd2 Bc6 28. Nb1 Be4 29. Nc3 Bc6 30. Nd1 Qb8 31. Ne3 Qf4 32. Qe1 (32.
Be2 {keeps more tension.} Be4 33. Qa3 Bg6 34. Qa8+) 32... Bb7 33. d5 exd5 34. cxd5 Qe4 35. f3 Qf4 36. Qc3 Nc5 37. Bb5 Qg5 38.
Bc6 Bxc6 $2 {[%emt 0:00:42] This costs Black the game.} (38...
Ba6 $16) 39. dxc6 $18 {[%emt 0:00:04] [#] Strongly threatening c7.} Ne6 40. Qe5 ({Worse is} 40. c7 {[#]} Nxc7 $1 41.
Qxc7 Qxe3+ 42. Kh2 Qe6 $15) 40... Nc7 (40... b5 $142 41. Qxg5
(41. Nf5 Ne8 $16) 41... hxg5) 41. Qxc7 {[%emt 0:36:47] White threatens Qd8+
and mate.} Qxe3+ 42. Kh2 {[%emt 0:00:00] Qb8+ is the strong
threat.} Qe8 {[%emt 0:05:45] Prevents Qb8.} (42... Qe6 $18 43. Qd8+ (43. Qxb6
Qd6+ 44. Kh1 Qd1+ 45. Qg1 Qc2 $16) 43... Ne8) 43. Qd6 {[%emt 0:04:50] White
mates.} Qc8 44. Bxf6 gxf6 45. Qd7 {[%emt 0:00:00] Weighted Error Value: White=0.03 (flawless) /Black=0.35
} 1-0

[Event "44th Chess Olympiad Open 2022"]
[Site "Chennai"]
[Date "2022.08.02"]
[Round "5.3"]
[White "Adams, Michael"]
[Black "Sargissian, Gabriel"]
[Result "1/2-1/2"]
[WhiteElo "2696"]
[BlackElo "2698"]
[Annotator "TA"]
[PlyCount "65"]
[EventDate "2022.??.??"]
[TimeControl "60"]

1. e4 e5 2. Nf3 Nc6 3. Bc4 Nf6 4. d3 Bc5 5. Nc3 h6 6. O-O a6 {[%emt 0:01:23] 6...0-0 is a critical line. C50: Hungarian
Defence and Giuoco Pianissimo.} 7. Be3 Bxe3 8. fxe3 d6 9. d4 O-O 10. a3 exd4 11. exd4 Nxe4 12. Nxe4 {[%emt 0:00:08] And now Ng3
would win.} d5 13. Bd3 {[%emt 0:00:53] Strongly threatening
Ng3.} dxe4 14. Bxe4 {[%emt 0:00:03] [#]} Be6 $146 ({Predecessor:} 14... Qd6 15. c3 Bd7 16. Bc2 Rae8 17. Qd3 g6 18. Rae1 Kg7
19. Qd2 Rxe1 20. Rxe1 Re8 21. Rxe8 Bxe8 {½-½ (36) Van Foreest,L (2572)
-Vrolijk,L (2476) Germany 2022}) 15. c3 Bd5 16. Nd2 Qg5 {[%emt 0:08:38] [#] Against Qg4} 17. Qf3 {[%emt 0:
00:00] Prevents Qe3+.} Rad8 18. Rf2 Ne7 19. Raf1 Ng6 20. Qd3 Bxe4 21. Nxe4 Qb5 22. Qg3 Qc6 23. Qf3 b6 {[%emt 0:00:34] The position is equal.} 24.
Re2 a5 25. g3 f5 {[%emt 0:
03:30] [#]} 26. Ng5 Qxf3 27. Nxf3 Rfe8 28. Rfe1 (28. Kf2 {looks
sharper.} f4 29. a4 Kf7 30. Ree1) 28... Rxe2 29. Rxe2 Kf7 30. a4 Kf6 31. Kf2 Nh8 32. Ne5 Nf7 33. Nxf7 {[%emt 0:02:00] Weighted Error Value: White=0.04 
(flawless) /Black=0.03 (flawless)} 1/2-1/2

[Event "44th Chess Olympiad Open 2022"]
[Site "Chennai"]
[Date "2022.08.02"]
[Round "5.3"]
[White "Howell, David W L"]
[Black "Ter-Sahakyan, Samvel"]
[Result "1/2-1/2"]
[WhiteElo "2650"]
[BlackElo "2625"]
[Annotator "RC"]
[PlyCount "63"]
[EventDate "2022.??.??"]
[TimeControl "60"]

1. Nf3 d5 2. g3 g6 3. Bg2 Bg7 4. d4 Nf6 5. c4 dxc4 6. Na3 O-O 7. O-O c3 8.
bxc3 c5 9. Ne5 Nc6 10. Nac4 Be6 11. Nxc6 bxc6 12. Qd3 Rc8 13. Ba3 cxd4 14. cxd4 c5 15. dxc5 Qxd3 16. exd3 Rfd8 17. Ne5 Ng4 18. Nc6 Rxc6 19. Bxc6 Bxa1 20. Rxa1 Rxd3 21. Bb4 Ne5 22. Bb5 Rd4 23. Bc3 Rd5 24. Bxe5 Rxc5 25. Bd4 Rxb5 26. Bxa7 Ra5 27. Bb6 Rxa2 28. Rxa2 Bxa2 29. Bc5 Kf8 30. h4 f6 31. Kf1 Kf7 32. Ke2 1/2-1/2

[Event "44th Chess Olympiad Open 2022"]
[Site "Chennai"]
[Date "2022.08.02"]
[Round "5.3"]
[White "Melkumyan, Hrant"]
[Black "McShane, Luke J"]
[Result "1-0"]
[WhiteElo "2634"]
[BlackElo "2649"]
[Annotator "TA"]
[PlyCount "113"]
[EventDate "2022.??.??"]
[TimeControl "60"]

1. d4 Nf6 2. c4 e6 3. Nf3 b6 4. g3 Bb7 5. Bg2 Be7 6. O-O O-O 7. Nc3 Ne4 8. Qc2 {[%emt 0:00:09] 8.Bd2 is more fashionable.} Nxc3 9. Qxc3 a5 {[%emt 0:23:31] E19: Queen's Indian: Old Main Line
with 7...Ne4 8 Qc2 Nxc3 8 Qxc3.} 10. Rd1 Na6 {[%emt 0:03:04] 
[#]} 11. Ne5 $146 ({Predecessor:} 11. b3 d6 12. Bb2 Qe8 13. a3
f5 14. Ne1 Bxg2 15. Nxg2 Bf6 16. Qc2 Qf7 17. e3 {½-½ (39) Shabaev,V (2113)
-Simplina,A (2182) ICCF email 2020}) 11... Bxg2 {[%emt 0:14:17] The position
is equal.} 12. Kxg2 d6 13. Nf3 c6 14. h4 d5 15. Bg5 f6 16. Bf4 Qd7 17. a3 Rfd8 18. Rac1 Rac8 19. Qd3 {[%emt 0:04:05] [#] Threatens to win with cxd5.}
dxc4 20. Qxc4 b5 21. Qa2 Bf8 22. e4 a4 23. Rd2 h6 24. Rcd1 Qf7 25. b4 axb3 26. Qxb3 e5 (26... Ra8 $11) 27. Qxf7+ $16 Kxf7 28. dxe5 Rxd2 29.
Bxd2 Nc5 30. exf6 Kxf6 31. e5+ Kf7 32. Bb4 Ne6 33. Bxf8 {[%emt 0:02:58] White is more active.}
Kxf8 34. Nd4 Nxd4 35. Rxd4 {
[%emt 0:00:04] Endgame KR-KR} c5 36. Rd5 Ke7 37. Kf3 b4 (37... h5 $142)
38. axb4 cxb4 39. Rb5 {[%emt 0:00:18]
Against Rb8} Ke6 $2 {[%emt 0:00:04] [#] Loses the game.} (39... Rc4 $16) 40.
Kg4 $1 $18 ({Not} 40. Rxb4 Kxe5 41. h5 Rc7 $16) 40... b3 $2 (40... Rc4+ {was called for.} 41. f4 Kd7) 41. f4 Rc3 42. f5+ Ke7 (42... Kd7 $142 43. e6+ Kd6 44. Rb6+ Kc7) 43. Rb7+ Kf8 44. Rb4 h5+ 45. Kf4 {[%emt 0:00:00] Hoping for Rb8+.} Ke7 46. g4 hxg4 47. Kxg4 Re3 48. Rb7+ Kf8 49. e6 {[%emt 0:00:00]
White mates.} Re4+ 50. Kg5 Re3 51. h5 Rg3+ 52. Kf4 Rh3 53. Kg4 Re3 54. h6 gxh6 55. Kf4 Re1 56.
Rxb3 Rf1+ 57. Ke5 {[%emt 0:00:00] Weighted
Error Value: White=0.05 (flawless) /Black=0.41} 1-0

[Event "44th Chess Olympiad Open 2022"]
[Site "Chennai"]
[Date "2022.08.02"]
[Round "5.3"]
[White "Hovhannisyan, Robert"]
[Black "Jones, Gawain C B"]
[Result "1/2-1/2"]
[WhiteElo "2591"]
[BlackElo "2652"]
[Annotator "TA"]
[PlyCount "118"]
[EventDate "2022.??.??"]
[TimeControl "60"]

1. e4 e5 2. Nf3 Nc6 3. Bb5 a6 4. Ba4 Nf6 5. O-O Nxe4 6. d4 b5 7. Bb3 d5 8. dxe5 Be6 9. Nbd2 Nc5 10. c3 d4 11. Bxe6 Nxe6 12. cxd4 Ncxd4 13. a4 Bb4 {[%emt 0:00:00] C80: Open
Ruy Lopez: Sidelines and 9 Nbd2.} 14. axb5 Nxb5 (14... axb5 $2 15. Rxa8 Qxa8 16. Nxd4 Nxd4 17. Qg4 $16) 15. Qa4 Bxd2 {[%emt 0:00:10] White has an edge.} 16. Bxd2 O-O 17. Rfd1 c5 {[%emt 0:00:00] Against Bb4} 18.
Be3 Qb6 {[%emt 0:00:40] [#]} 19. h4 $146 ({
Predecessor:} 19. Rac1 a5 20. Qc4 Rac8 21. Ng5 Nxg5 22. Bxg5 Qb7 23. Be3 Rfe8
24. Qd5 Qb8 25. Rxc5 {1-0 (44) Nakamura,H (2736)-Mamedyarov,S (2770) chess24.
com INT 2021}) 19... h5 20. Qe4 (20. Rd2 $14)
20... Nbd4 21. Bxd4 cxd4 22.
Nxd4 Qb4 {[%emt 0:05:53] Threatens to win with ...Rad8.} 23.
Qe3 Nxd4 24. Qxd4 Rab8 25. Rxa6 Qxd4 26. Rxd4 Rxb2 $16 {[%emt 0:00:07] Endgame KRR-KRR} 27. Ra7 Kh7 ({Better is} 27... Rb6 28. Rdd7 Re6) 28. Rf4 (28. Rdd7 $142) 28... Re2 29. Re7 Kg6 30. Kh2 Ra2 31. Rf3 Ra4 32. Kh3 Re4 33. e6 f5 34. Rg3+ Rg4 35. Ra3 {[%emt 0:02:39] Inhibits Ra8.} Kf6 36. Raa7 {[%emt 0:00:21] Black must now prevent Rf7+.} g6 37. Reb7 {[%emt 0:06:17] White is more active.} (37. Rec7 $1
$16) 37... Re4 (37... Kxe6 $2 38. Ra6+ Kd5 39. f3 $18) 38. e7 Re8 (38... Rc8 $1 $14) 39. Rb6+ Re6 40. Rxe6+ Kxe6 {[%emt 0:00:07] [#]
KR-KR} 41. Kg3 Rb8 42. f3 Kf7 {[%emt 0:05:15] [#]} 43. Kf4 ({White should try} 43. Ra6
$1 $16) 43... Rb4+ $14 44. Kg5 {[%emt 0:00:00] Strongly
threatening Ra6.} Rb2 45. e8=Q+ Kxe8 46. Kxg6 {[%emt 0:00:00] And now Ra5 would win.} Rxg2+ 47. Kxf5 Rg3 $1 48. Ke6 Kf8 49. f4 {[%emt 0:00:00] aiming
for f5.} Rg6+ 50. Ke5 {[%emt 0:00:00] Rh7 is the strong
threat.} Rg4 51. f5 Rxh4 52.
Ke6 {[%emt 0:00:00] Intending Ra8+ and mate.} Rf4 53. Kf6 Kg8 $1 54. Rg7+ $1 Kf8 55. Rh7 Kg8 {
[%emt 0:00:05] Inhibits Rh8+.} 56. Rxh5 Ra4 57. Rg5+ Kf8 58. Kg6 (58.
Rg2 $14) 58... Ra6+ $11 59. f6 {[%emt 0:00:00] White wants to
mate with Rb5.} Ra1 {[%emt 0:00:08] Weighted Error Value: White=0.10 (very
precise) /Black=0.08 (flawless)} 1/2-1/2

[Event "44th Chess Olympiad Open 2022"]
[Site "Chennai"]
[Date "2022.08.02"]
[Round "5.4"]
[White "Aronian, Levon"]
[Black "Nabaty, Tamir"]
[Result "1/2-1/2"]
[WhiteElo "2775"]
[BlackElo "2631"]
[Annotator "TA"]
[PlyCount "61"]
[EventDate "2022.??.??"]
[TimeControl "60"]

1. e4 e5 2. Nf3 Nf6 3. Nxe5 d6 4. Nf3 Nxe4 5. d4 d5 6. Bd3 Nc6 7. O-O Be7 8. Nbd2 $1 {[%emt 0:00:51]
is recently more successful than 8.c4.} Bf5 9. Re1 Nxd2 {[%emt 0:00:15] C42: Petroff Defence: 3 Nxe5 and
unusual White 3rd moves.} 10. Qxd2 ({Much weaker is} 10. Bxf5
Nxf3+ 11. gxf3 (11. Qxf3 Nxd4 12. Qh3 Nxf5 $15) 11... O-O $11) 10... Bg6 11. c3 O-O {[%emt 0:01:20] White has an edge.}
12. Qc2 {[%emt 0:15:31] [#]} Bd6 $146 ({Predecessor:} 12...
Qd7 13. Bf4 Rfe8 14. Re2 Bf8 15. Rae1 Rxe2 16. Qxe2 a6 17. h3 f6 18. Bxg6 hxg6
{½-½ (28) Dominguez Perez,L (2758)-Yu,Y (2709) Chess.com INT 2020}) 13. Bg5 Qd7 {[%emt 0:01:07] The position is equal.} 14. Bh4 Rfe8 15. Bg3 Bxg3 16. hxg3 b6 17. Qd2 Bxd3 18. Qxd3 a5 19. a4 Rxe1+ 20. Rxe1 Re8 21. Rxe8+ Qxe8 $11 {[%emt 0:00:03] Endgame KQN-KQN} 22. Qb5 {
[%emt 0:04:55] [#] And now Ne5 would win.} Qe6 {[%emt 0:00:30] Inhibits Ne5.}
23. Ng5 Qd6 ({Don't play} 23... Qe1+ 24. Kh2
Qe8 25. f3 $16 (25. Qxd5 h6 $16)) 24. Nh3 Kf8 $1 25. Nf4 Ne7 26. b4 g5 27. Nd3 Qc6 28. Qxc6 Nxc6 29. b5 Na7 30. Kf1 Ke7 31. Ke2 {[%emt 0:00:06]
Weighted Error Value: White=0.04 (flawless) /Black=0.01 (flawless)} 1/2-1/2

[Event "44th Chess Olympiad Open 2022"]
[Site "Chennai"]
[Date "2022.08.02"]
[Round "5.4"]
[White "Dominguez Perez, Leinier"]
[Black "Rodshtein, Maxim"]
[Result "1-0"]
[WhiteElo "2754"]
[BlackElo "2596"]
[Annotator "TA"]
[PlyCount "107"]
[EventDate "2022.??.??"]
[TimeControl "60"]

1. e4 e5 2. Nf3 Nc6 3. Bb5 Nf6 4. d3 Bc5 5. c3 O-O 6. O-O d5 7. Nbd2 dxe4 8. dxe4 Qe7 9. h3 {[%emt 0:01:55] C00: French: Unusual White 2nd moves.} a5 10. a4 Rd8 11. Qc2 {[%emt 0:02:08]
The position is equal.} Nb8 12. Re1 {[%emt 0:01:20] [#]} Ne8
$146 ({Predecessor:} 12... Nbd7 13. Bf1 Nf8 14. Nb3 Bb6 15.
Nfd2 Be6 16. Nc4 Bxc4 17. Bxc4 Ne6 18. g3 h6 {0-1 (44) Anand,V (2757)-Vidit,S 
(2722) Kolkata 2019}) 13. Rb1 Nd6 14. Bd3 Nc6 15. Nf1 f6 16. Be3 Bxe3 17.
Nxe3 Be6 18. b4 b6 19. b5 Nb8 20. Nd5 $36 {[%emt 0:00:
03] White has the initiative.} Qf7 21. c4 Nb7 22. Nh4 Nc5 23. Be2 Kh8 24. Bg4 Bxd5 (24... Bxg4 $11 25. hxg4 Ne6) 25. cxd5 $14 (25. exd5 g6
$11) 25... Nbd7 {[%emt 0:01:01] White stays focused until the end.} 26. Re3 g6 27. Rc3 {[%emt 0:03:38] White is more
active.} Nf8 28. Rc1 Rd6 (28... Qe7 $142) 29. g3 ({Better is} 29.
Rxc5 bxc5 30. Qxc5) 29... Rad8 (29... Nfd7 $16) 30. Rxc5 $18 bxc5 31. Qxc5 f5 32. Bf3 Rf6 33. Rc2 (
33. Qxc7 $6 Qxc7 34. Rxc7 Nd7 $16) 33... Nd7 (33... Rc8 $142)
34. Qxc7 Rf8 35. Qa7 (35.
Qxa5 $2 fxe4 36. Be2 (36. Bxe4 $2 Rxf2 37. Rc1 Rf1+ 38. Rxf1 Qxf1+ 39. Kh2 Qe2+
40. Bg2 g5 $19) 36... Rxf2 $19) (35. exf5 gxf5 36. Ng2 (36. Qxa5 e4 $16) 36...
e4 $16) 35... Nb6 36. Rc7 (36. Qxa5 fxe4 37.
Bxe4 Rxf2 $1 $19) 36... Qg8 37. Rc6 (37. Qxa5
fxe4 38. Bxe4 Nxd5 $18) 37... Nxa4 38. Qxa5 fxe4 39. Bxe4 {[%emt 0:00:00] Threatens to win with Rxf6.} (
39. Qxa4 exf3 40. Qe4 Qg7 $14) 39... Rxf2 {[%emt 0:00:00][%cal Yg8f7] ...Qf7!
is the strong threat.} 40. Qxa4 Qf7 {[%emt 0:00:00] [#]
Inhibits Rc7. ( -> ...Rf1+)} 41. Rc1 {[%emt 0:00:00] aiming for Qa3.} (41. Kh1
$2 {leads to mate.} Rf1+ 42. Kh2 Qf2+ 43. Ng2 Qg1#) 41... Qf6 42. Qa3 Rf1+ (42... Qb6 43. Qc5
Qxc5 44. Rxc5 Re2) 43. Rxf1 {[%emt 0:00:06] White is clearly winning.} Qxf1+ 44. Kh2 {[%emt 0:00:02] Black must now prevent b6.} Rf2+ (44... Qf2+ $142 45. Ng2 Kg7) 45. Ng2 Qxb5 46. Qe7 {[%emt 0:01:04] Strongly threatening d6.} Qe2 47. Qxe5+ Kg8 48. Qe8+ Kg7 49. Qe7+ Rf7 50.
Qe5+ Rf6 51. d6 {[%emt 0:02:02] Intending d7
and mate.} Qa6 52. d7 Qd6 {[%emt 0:00:05]
Inhibits Qe7+.} 53. Qe8 Rf8 54. Nf4 {[%emt 0:
04:40] Weighted Error Value: White=0.07 (flawless) /Black=0.23 (precise)} (54.
h4 $142 Qc7 55. h5) 1-0

[Event "44th Chess Olympiad Open 2022"]
[Site "Chennai"]
[Date "2022.08.02"]
[Round "5.4"]
[White "Smirin, Ilia"]
[Black "So, Wesley"]
[Result "1/2-1/2"]
[WhiteElo "2601"]
[BlackElo "2773"]
[Annotator "TA"]
[PlyCount "62"]
[EventDate "2022.??.??"]
[TimeControl "60"]

1. e4 e5 2. Nf3 Nc6 3. Bb5 Nf6 4. O-O Nxe4 5. Re1 Nd6 6. Nxe5 Be7 7. Bf1 Nxe5 8. Rxe5 O-O 9. d4 Bf6 10. Re1 {[%emt 0:00:47] The position is equal.} Re8 {[%emt 0:00:04] C67: Ruy
Lopez: Berlin Defence: 4 0-0 Nxe4.} 11. c3 Rxe1 12. Qxe1 Ne8 13. Nd2 d5 14. Bd3 Nd6 15. Nf3 Bf5 16. Bxf5 Nxf5 17. Bf4 c6 18. Qe2 g6 19. Be5 {[%emt 0:02:58] [#]}
Bxe5 $146 ({Predecessor:} 19... Qe7 20. Re1 Re8 21. Qd2 Bxe5
22. Rxe5 Qd8 23. Rxe8+ Qxe8 24. Qe1 Qxe1+ 25. Nxe1 Nd6 {½-½ (46) Anand,V 
(2751)-Aronian,L (2765) Warsaw 2022}) 20. Nxe5 Qe7 {[%emt 0:
02:07] [#] White must now prevent ...f6.} 21. Re1 f6 22. Nd3 Qxe2 23. Rxe2 $11 {[%emt 0:
00:05] Endgame KRN-KRN} Kf7 24. f3 h5 25. a4 a5 26. Kf2 g5 27. Nc5 Nd6 28.
Re6 Ne8 29. Re2 Nd6 30. Re6 Nc8 {[%emt 0:00:00] Threatens to win
with ...b6.} 31. Re2 Nd6 {[%emt 0:04:48] A rather calm draw.
Weighted Error Value: White=0.02 (flawless) /Black=0.01 (flawless)} 1/2-1/2